 Seeded DCSS version 0.29.1-2-gbd0b4ee654 (webtiles) character file.

Game seed: 20221104 (custom seed)

66 Nerdsrcool the Ducker (level 4, 0/34 HPs)
             Began as a Djinni Gladiator on Nov 4, 2022.
             Slain by a gnoll
             ... wielding a +3 mace
              (9 damage)
             ... on level 3 of the Dungeon.
             The game lasted 00:10:27 (3169 turns).

Nerdsrcool the Ducker (Djinni Gladiator)            Turns: 3169, Time: 00:10:28

Health: 0/34       AC:  4    Str: 13    XL:     4   Next: 37%
Gold:   153        EV: 13    Int:  9    God:
                   SH:  0    Dex: 17

rFire   + . .      SeeInvis .   q - +0 short sword
rCold   . . .      Faith    .   (no shield)
rNeg    . . .      Spirit   .   a - +0 leather armour
rPois   ∞          Reflect  .   b - +0 helmet
rElec   .          Harm     .   (no cloak)
rCorr   .          Rampage  .   (no gloves)
Will    .....                   (boots unavailable)
Stlth   +.........              (no amulet)
HPRegen 0.11/turn               m - ring of ice
MPRegen 0.00/turn               (no ring)

@: flying
A: sickness immunity, fire resistance 2, cold vulnerability 1, float, innate
caster, HP casting, extra vitality 1
a: no special abilities


You were on level 3 of the Dungeon.
You visited 1 branch of the dungeon, and saw 3 of its levels.

You collected 153 gold pieces.

Inventory:

Hand Weapons
 g - a +0 dagger
 q - a +0 short sword (weapon)
Missiles
 c - 2 throwing nets
 d - a javelin
Armour
 a - a +0 leather armour (worn)
 b - a +0 helmet (worn)
 n - a +0 chain mail
Jewellery
 m - a ring of ice (left hand)
Scrolls
 e - a scroll of summoning {unknown}
 i - a scroll of fear {unknown}
 j - 2 scrolls of amnesia {unknown}
 o - a scroll of identify {unknown}
 p - a scroll of brand weapon {unknown}
Potions
 f - 3 potions of ambrosia {unknown}
 h - a potion of might {unknown}
 k - a potion of mutation {unknown}
 l - a potion of curing {unknown}


   Skills:
 + Level 2.7 Fighting
 + Level 2.1 Throwing
 + Level 3.9 Dodging
 + Level 3.5 Unarmed Combat


You had 2 spell levels left.
You knew the following spells:

 Your Spells              Type           Power      Damage    Failure   Level
a - Foxfire               Conj/Fire      0%         2x1d4     45%         1
Your spell library was empty.

Dungeon Overview and Level Annotations

Branches:
Dungeon (3/15)

Altars:
Trog


Innate Abilities, Weirdness & Mutations

You are immune to sickness and miasma.
You are immune to poison.
Your flesh is very heat resistant. (rF++)
You are vulnerable to cold. (rC-)
You float through the air rather than walking.
You learn spells naturally, not from books.
Your magical power is your life essence.
You have superior vitality. (+4 MHP)


Message History

There is an empty arch of ancient stone here.
A gnoll comes into view. It is wielding a +3 mace.
Found a bloodstained altar of Trog.
The gnoll shouts!
You miscast Foxfire.
You are very lightly contaminated with residual magic.
Nothing appears to happen.
You conjure some foxfire!
The foxfire hits the gnoll but does no damage.
Your foxfire dissipates!
You conjure some foxfire!
You hit the gnoll but do no damage.
The foxfire hits the gnoll but does no damage.
The foxfire hits the gnoll.
The gnoll is lightly wounded.
The gnoll hits you with a +3 mace!
You hit the gnoll.
The gnoll is moderately wounded.
The gnoll hits you with a +3 mace!
You barely miss the gnoll.
The gnoll is moderately wounded.
The gnoll closely misses you.
Your magical contamination has completely faded away.
You hit the gnoll but do no damage.
The gnoll is moderately wounded.
The gnoll misses you.
You hit the gnoll but do no damage.
The gnoll is moderately wounded.
The gnoll barely misses you.
You hit the gnoll.
The gnoll is heavily wounded.
The gnoll closely misses you.
You hit the gnoll but do no damage.
The gnoll is heavily wounded.
The gnoll hits you with a +3 mace.
* * * LOW HITPOINT WARNING * * *
You hit the gnoll but do no damage.
The gnoll is heavily wounded.
The gnoll hits you with a +3 mace!
You die...

#### ##..# ## #####
##.:_# ##.. #.....
##....##....
#.....##...###.....
#....##...###.....#
#(...#...#∩#...#
#.......###g..#
####...###.@.#### .
#..##....##.<# ..
#.###_..####.# ...
#..##..##. #.#####
##... ##.#####..
#.....###.....
####.#####.#
#####......##.
#.......##.#
###.......
#.......##.#
##..###..
#.......)..# ##...#


You could see a gnoll.

Vanquished Creatures
  2 adders (D:2)
  A white imp (D:3)
  A dart slug (D:1)
  4 endoplasms
  3 giant cockroaches (D:1)
  3 goblins (D:1)
  4 hobgoblins
  4 kobolds (D:1)
  2 quokkas (D:2)
  2 ball pythons (D:1)
  4 bats
  2 frilled lizards (D:1)
  8 rats
40 creatures vanquished.

Vanquished Creatures (others)
  33 foxfires
  4 plants
37 creatures vanquished.

Grand Total: 77 creatures vanquished

Notes
Turn   | Place    | Note
-------+----------+-------------------------------------------
     0 | D:1      | Nerdsrcool the Djinni Gladiator began the quest for the
                  | Orb.
     0 | D:1      | Reached XP level 1. HP: 18/18 MP: 0/0
    72 | D:1      | Reached XP level 2. HP: 8/23 MP: 0/0
   676 | D:1      | Reached XP level 3. HP: 29/29 MP: 0/0
   676 | D:1      | Learned a level 1 spell: Foxfire
  1620 | D:2      | Reached XP level 4. HP: 19/34 MP: 0/0
  3157 | D:3      | Found a bloodstained altar of Trog.
  3169 | D:3      | Slain by a gnoll

Illustrated notes

Levels and vault maps discovered:
D:1:      denvon_arrival_planthouse, layout_loops_ring
D:2:      layout_basic, minmay_heptomino_o4
D:3:      layout_rooms, nzn_overflow_gifts_of_might_and_magic,
          nicolae_overflow_ecumenical_swirl, basic_ecumenical_altar,
          serial_bayou_pond_a, uniq_natasha, uniq_crazy_yiuf_cottage

Skill      XL: |  1  2  3 |
---------------+----------+-----
Throwing       | 2 |  2.1
Fighting       | |  2.7
Dodging        | |  3.9
Unarmed Combat | |  3.5

Action                   |  1- 3 |  4- 6 || total
-------------------------+-------+-------++-------
Melee: Club              |    17 |       ||    17
       Unarmed           |    27 |       ||    27
       Dagger            |    71 |    25 ||    96
       Punch             |     1 |     1 ||     2
       Short sword       |       |    14 ||    14
Throw: Javelin           |     6 |       ||     6
       Throwing net      |     1 |       ||     1
 Cast: Foxfire           |    12 |    18 ||    30
Armor: Leather armour    |    38 |     6 ||    44
Dodge: Dodged            |    96 |    15 ||   111
